 Dungeon Crawl Stone Soup version 0.25-a0-105-g2289b3b9f1 (webtiles) character file.

Game seed: 4136332901235511830, levelgen mode: deterministic

18 Alarkh the Skirmisher (level 2, 24/24 HPs)
             Began as a Demonspawn Fighter on Nov 16, 2019.
             Got out of the dungeon alive.
             The game lasted 00:00:18 (235 turns).

Alarkh the Skirmisher (Demonspawn Fighter)           Turns: 235, Time: 00:00:18

Health: 24/24      AC:  6    Str: 16    XL:     2   Next: 51%
Magic:  2/2        EV:  6    Int:  9    God:
Gold:   18         SH:  8    Dex: 12    Spells: 1/1 levels left

rFire    . . .     SeeInvis .   a - +0 long sword
rCold    . . .     Gourm    .   c - +0 shield
rNeg     . . .     Faith    .   b - +0 scale mail
rPois    .         Spirit   .   (no helmet)
rElec    .         Reflect  .   (no cloak)
rCorr    .         Harm     .   (no gloves)
MR       .....                  (no boots)
Stlth    ..........             (no amulet)
HPRegen  0.08/turn              (no ring)
MPRegen  0.08/turn              (no ring)

@: no status effects
A: hooves 1
a: no special abilities


You escaped.
You were not hungry.

You visited 1 branch of the dungeon, and saw 1 of its levels.

You collected 18 gold pieces.

Inventory:

Hand Weapons
 a - a +0 long sword (weapon)
Armour
 b - a +0 scale mail (worn)
 c - a +0 shield (worn)
Scrolls
 i - a scroll of teleportation {unknown}
Potions
 d - a potion of might
 e - a potion of degeneration {unknown}
 h - a potion of flight {unknown}
Comestibles
 f - 2 rations
 g - 14 chunks of flesh


   Skills:
 - Level 3.0 Fighting
 + Level 2.9 Long Blades
 - Level 2.6 Armour
 - Level 2.6 Shields


You had one spell level left.
You didn't know any spells.
Your spell library was empty.

Dungeon Overview and Level Annotations

Branches:
Dungeon (1/15)

Altars:


Innate Abilities, Weirdness & Mutations

You have large cloven feet.


Message History

You hit the bat but do no damage. The bat hits you but does no damage.
You block the bat's attack.
A bat is nearby!
You hit the bat. You kick the bat.
The bat is severely wounded.
The bat hits you but does no damage.
A bat is nearby!
Your shield and scale mail prevent you from hitting the bat.
The bat is heavily wounded.
The bat hits you but does no damage.
A bat is nearby!
You block the bat's attack.
Unknown command.
You hit the bat.
You kill the bat!
No target in view!
There is a large open door here.
There is a staircase leading out of the dungeon here.
Are you sure you want to leave the Dungeon?
This will make you lose the game!
You have escaped!

........)...#8......8#....####...
.......##.#.#≈......≈##...####.##
###..####.###≈......≈#.........##
##.# #.###≈......≈#..........#
#.####..##≈..88.§§#......(....
#...###..#≈.....§§#...........
###..#..##§......§#.).........
#..#...###≈......≈#...)...>..#
###..##..###8§.@...8#..........#
#..........##########..(........
#......÷........#####.........##
#........................#.#####
#.#..............#########...
..#..............## #####
#...............#######
##..###....÷........... ...#
#........########


There were no monsters in sight!

Vanquished Creatures
  An ooze (D:1)
  A ball python (D:1)
  2 hobgoblins (D:1)
  A kobold (D:1)
  2 bats (D:1)
  3 goblins (D:1)
  4 rats (D:1)
14 creatures vanquished.

Notes
Turn   | Place    | Note
-------+----------+-------------------------------------------
     0 | D:1      | Alarkh the Demonspawn Fighter began the quest for the Orb.
     0 | D:1      | Reached XP level 1. HP: 18/18 MP: 1/1
    51 | D:1      | Gained mutation: You have large cloven feet. [demonic
                  | ancestry]
    51 | D:1      | Reached XP level 2. HP: 24/24 MP: 2/2
   235 | D:$      | Got out of the dungeon alive.

Levels and vault maps discovered:
D:1:      lightli_arrival_noodles, layout_rooms, minivault_19

Skill      XL: |  1 |
---------------+----+-----
Long Blades    | 2 |  2.9
Fighting       | |  3.0
Armour         | |  2.6
Shields        | |  2.6

Action                   || total
-------------------------++-------
Melee: Long sword        ||    32
       Kick              ||     4
Armor: Scale mail        ||     9
Dodge: Dodged            ||    12
Block: Shield            ||    16
       Rpst.: Long sword ||     3

Table legend:
 A = Non-vault XP
 B = Vault XP
 C = Vault XP percentage of total XP
 D = Non-vault monster count
 E = Vault monster count
 F = Vault count percentage of total count
                 A         B        C        D         E       F
            +---------+---------+-------+---------+---------+-------
      Total |      27 |       0 |   0.0 |      14 |       0 |   0.0
            +---------+---------+-------+---------+---------+-------
        D:1 |      27 |       0 |   0.0 |      14 |       0 |   0.0
            +---------+---------+-------+---------+---------+-------
